 Dungeon Crawl Stone Soup version 0.22.1-6-g1668fe2 (webtiles) character file.

771 Fang the Chopper (level 7, -9/66 HPs)
             Began as a Gargoyle Berserker on Jan 29, 2019.
             Was a Priest of Trog.
             Killed by divine providence
             ... invoked by an orc priest
              (12 damage)
             ... on level 6 of the Dungeon on Jan 30, 2019.
             The game lasted 00:05:51 (5613 turns).

Fang the Chopper (Gargoyle Berserker)               Turns: 5613, Time: 00:05:52

Health: -9/66      AC:  7    Str: 28    XL:     7   Next: 83%
Magic:  7/7        EV: 13    Int: 12    God:    Trog [***...]
Gold:   228        SH:  0    Dex:  9    Spells: 6/6 levels left

rFire    . . .     SeeInvis .   u - +0 war axe
rCold    . . .     Gourm    .   (no shield)
rNeg     + . .     Faith    .   b - +0 animal skin
rPois    ∞         Spirit   .   (no helmet)
rElec    +         Reflect  .   (no cloak)
rCorr    .         Harm     .   (no gloves)
MR       .....                  (no boots)
Stlth    ..........             o - amulet of regeneration
HPRegen  0.61/turn              f - +5 ring of intelligence
MPRegen  0.10/turn              (no ring)

@: berserking, starving, very quick
A: negative energy resistance 1, electricity resistance, unbreathing,
petrification resistance, rot immunity, AC +4
a: Berserk, Trog's Hand, Renounce Religion


You were on level 6 of the Dungeon.
You worshipped Trog.
Trog was most pleased with you.
You were starving.

You visited 1 branch of the dungeon, and saw 6 of its levels.

You collected 228 gold pieces.

Inventory:

Hand Weapons
 u - a +0 war axe (weapon)
Armour
 b - a +0 animal skin (worn)
Jewellery
 f - a +5 ring of intelligence (left hand)
 o - an amulet of regeneration (around neck)
Wands
 j - a wand of paralysis (28)
 m - a wand of flame (26)
Scrolls
 d - 4 scrolls of blinking {unknown}
 g - 2 scrolls of immolation {unknown}
 h - 2 scrolls of teleportation {unknown}
 k - 3 scrolls of identify {unknown}
 p - a scroll of enchant armour {unknown}
 q - a scroll of amnesia {unknown}
 s - 2 scrolls of remove curse {unknown}
 v - a scroll of fog {unknown}
 x - 2 scrolls of fear {unknown}
Potions
 a - a potion of agility {unknown}
 e - 2 potions of brilliance {unknown}
 i - a potion of cancellation {unknown}
 l - a potion of resistance {unknown}
 n - a potion of haste {unknown}
 r - 4 potions of heal wounds {unknown}
 t - a potion of curing {unknown}
Comestibles
 c - 6 rations


   Skills:
 + Level 5.2 Fighting
 + Level 6.2 Axes
 + Level 2.2 Armour
 + Level 3.3 Dodging
 + Level 2.1 Stealth


You had 6 spell levels left.
You didn't know any spells.
Your spell library was empty.

Dungeon Overview and Level Annotations

Branches:
Dungeon (6/15)
 Temple: D:4-7

Altars:
Hepliaklqana
The Shining One


Innate Abilities, Weirdness & Mutations

You are resistant to torment.
Your stone body is resilient. (AC +4)
You are immune to poison.
You resist negative energy. (rN+)
You are resistant to electric shocks. (rElec)
You can survive without breathing.
You are immune to petrification.
You are immune to rotting.


Message History

A red film seems to cover your vision as you go berserk!
You feel yourself moving faster!
You feel mighty!
You are starving!
The orc wizard barely misses you.
The orc priest invokes the aid of Beogh against you.
You struggle to resist.
The orc priest hits you with a flail!
* * * LOW HITPOINT WARNING * * *
The orc priest completely misses you.
You slash the orc priest!
The orc priest is severely wounded.
You slash the orc priest! You barely miss the orc priest.
You closely miss the orc wizard. The orc wizard closely misses you.
The orc priest mumbles some strange prayers to Beogh against you.
Beogh smites you!
* * * LOW HITPOINT WARNING * * *
The orc wizard casts a spell.
The orc wizard blinks!
The orc priest mumbles some strange prayers to Beogh against you.
Beogh smites you!
You die...

./...#
#..#.# ##
#....
......# ..
#.#...
#.##.#..#
#....§oo#
#o...o@.#
#.####.##
#.# #.#
#.##
#..######.
##<.......
#.#######
#.#


You could see 3 orc priests and an orc wizard.

Vanquished Creatures
  The ghost of antares the Firebug, an amateur DEFE of Elyvilon (D:4)
  A black bear (D:5)
  An ogre (D:4)
  A phantom (D:5)
  A scorpion (D:5)
  A crimson imp (D:5)
  A jelly (D:5)
  An orc priest (D:4)
  2 orc wizards
  An iguana (D:4)
  Terence (D:2)
  4 adders
  2 adder skeletons
  3 worms
  4 dart slugs (D:1)
  2 leopard geckos
  12 orcs
  2 ball pythons
  2 giant cockroaches
  9 goblins
  6 hobgoblins
  5 jackals (D:2)
  A quokka (D:3)
  9 bats
  7 frilled lizards
  7 kobolds
  A quokka skeleton (D:4)
  8 rats
96 creatures vanquished.

Notes
Turn   | Place    | Note
-------+----------+-------------------------------------------
     0 | D:1      | Fang the Gargoyle Berserker began the quest for the Orb.
     0 | D:1      | Reached XP level 1. HP: 14/14 MP: 1/1
   227 | D:1      | Reached skill level 3 in Axes
   227 | D:1      | Reached XP level 2. HP: 16/19 MP: 2/2
   566 | D:1      | Reached XP level 3. HP: 20/24 MP: 3/3
   844 | D:1      | Reached ** piety under Trog
  1414 | D:2      | Reached XP level 4. HP: 7/29 MP: 4/4
  1956 | D:2      | Noticed Terence
  1968 | D:2      | Killed Terence
  1968 | D:2      | Reached skill level 4 in Axes
  2450 | D:3      | Reached XP level 5. HP: 20/33 MP: 5/5
  2730 | D:3      | Found a faded altar of an unknown god.
  3463 | D:4      | Reached *** piety under Trog
  3463 | D:4      | Reached skill level 1 in Stealth
  3468 | D:4      | Reached XP level 6. HP: 38/38 MP: 6/6
  3871 | D:4      | Found a glowing golden altar of the Shining One.
  3891 | D:4      | Reached skill level 5 in Axes
  4388 | D:4      | Found a runed door.
  4389 | D:4      | Noticed antares's ghost (amateur DEFE)
  4609 | D:4      | Killed antares's ghost
  4609 | D:4      | Reached XP level 7. HP: 44/44 MP: 7/7
  4798 | D:5      | Entered Level 5 of the Dungeon
  4855 | D:5      | Reached skill level 5 in Fighting
  5110 | D:5      | Found a hazy altar of Hepliaklqana.
  5212 | D:5      | Reached skill level 6 in Axes
  5613 | D:6      | HP: 3/66 [orc priest/divine providence (9)]
  5613 | D:6      | Killed from afar by an orc priest

Skill      XL: |  1  2  3  4  5  6  7 |
---------------+----------------------+-----
Axes           | 3 4 5 6 |  6.2
Dodging        | 2 3 |  3.3
Fighting       | 4 5 |  5.2
Stealth        | 1 2 |  2.1
Armour         | |  2.2

Action                   |  1- 3 |  4- 6 |  7- 9 || total
-------------------------+-------+-------+-------++-------
Melee: Hand axe          |   134 |   164 |    13 ||   311
       War axe           |       |       |    36 ||    36
Invok: Berserk           |       |     3 |     1 ||     4
 Stab: Sleeping          |     1 |     1 |       ||     2
  Eat: Chunk             |     2 |    10 |     1 ||    13
       Ration            |       |     1 |       ||     1
Armor: Animal skin       |    56 |    52 |    24 ||   132
Dodge: Dodged            |   106 |   111 |    47 ||   264
